 Seeded DCSS version 0.31-a0-703-gcfe89afef6 (webtiles) character file.

Game seed: 5017591152642433436 (custom seed)

101 bmack86 the Shield-Bearer (level 4, 0/39 HPs)
             Began as a Minotaur Fighter on Sept 8, 2023.
             Was an Initiate of Okawaru.
             Killed by divine providence
             ... invoked by an orc priest
              (11 damage)
             ... on level 4 of the Dungeon.
             The game lasted 00:05:19 (2597 turns).

bmack86 the Shield-Bearer (Minotaur Fighter)        Turns: 2597, Time: 00:05:19

Health: 0/39       AC:  9    Str: 22    XL:     4   Next: 48%
Magic:  3/3        EV:  8    Int:  5    God:    Okawaru [......]
Gold:   103        SH:  5    Dex: 10    Spells: 3/3 levels left

rFire   . . .        e - +0 broad axe (pain)
rCold   . . .        c - +0 buckler
rNeg    . . .        f - +0 chain mail
rPois   .            (helmet restricted)
rElec   .            (no cloak)
rCorr   .            (no gloves)
SInv    .            (no boots)
Will    .....        (no amulet) Stlth
                     (no ring)
HPRegen 0.26/turn    (no ring)
MPRegen 0.08/turn

%: no passive effects
@: no status effects
A: horns 2, retaliatory headbutt
a: Renounce Religion


You were on level 4 of the Dungeon.
You worshipped Okawaru.
Okawaru was noncommittal.
You visited 1 branch of the dungeon, and saw 4 of its levels.

You collected 103 gold pieces.

Inventory:

Hand Weapons
 a - a +0 war axe
 e - a +0 broad axe of pain (weapon)
Armour
 b - a +0 scale mail
 c - a +0 buckler (worn)
 f - a +0 chain mail (worn)
Jewellery
 j - an amulet of magic regeneration
Scrolls
 g - 4 scrolls of identify
 k - a scroll of amnesia {unknown}
Potions
 d - a potion of might
 h - a potion of curing
 i - a potion of magic {unknown}


   Skills:
 - Level 3.6 Fighting
 * Level 4.4 Axes
 - Level 3.6 Armour
 - Level 5.0 Shields
 * Level 0.2 Necromancy
 + Level 0.5 Invocations


You had 3 spell levels left.
You didn't know any spells.
Your spell library contained the following spells:

 Spells                   Type           Power      Damage    Failure   Level
 Cigotuvi's Dreadful Rot  Necr/Pois/Air  0%         N/A       99%         2
 Ignite Poison            Fire/Tmut/Pois 0%         N/A       100%        3
 Freezing Cloud           Conj/Ice/Air   0%         6-21      100%        5
 Summon Small Mammal      Summ           Unusable   N/A       N/A         1
 Call Canine Familiar     Summ           Unusable   N/A       N/A         3
 Summon Guardian Golem    Hex/Summ       Unusable   N/A       N/A         3

Dungeon Overview and Level Annotations

Branches:
Dungeon (4/15)
 Temple: D:4-7

Altars:
Ashenzari
Kikubaaqudgha
Okawaru
Wu Jian
Yredelemnul

Shops:
D:3 [


Innate Abilities, Weirdness & Mutations

You have a pair of horns on your head.
You reflexively headbutt those who attack you in melee.


Message History

The orc priest moves out of view.
An orc comes into view.
It is wielding a +1 dagger of electrocution.
An orc comes into view. It is wielding a +0 hand axe.
The orc shouts!
The orc priest shouts!
The orc shouts!
You see here a jackal corpse.
You hit the iguana.
The iguana is moderately wounded.
The iguana barely misses you.
You barely miss the iguana.
The iguana is moderately wounded.
The orc priest looks braver for a moment.
The iguana bites you but does no damage.
You barely miss the iguana. You headbutt the iguana.
The iguana is moderately wounded.
You barely miss the orc. The orc hits you but does no damage.
The orc priest calls down the wrath of Beogh upon you.
Beogh smites you!
The iguana bites you but does no damage.
The orc priest calls down the wrath of Beogh upon you.
Beogh smites you! The iguana barely misses you.
The orc hits you but does no damage.
You closely miss the orc. You headbutt the orc, but do no damage.
You hit the giant cockroach but do no damage.
You closely miss the iguana.
The giant cockroach bites you but does no damage.
The orc hits you but does no damage. The iguana bites you.
You closely miss the orc. Your headbutt misses the orc.
You completely miss the giant cockroach.
You hit the iguana but do no damage. The giant cockroach bites you.
The orc hits you but does no damage.
The iguana bites you but does no damage.
The giant cockroach completely misses you.
Unknown command.
You barely miss the orc. Your headbutt misses the orc.
You barely miss the giant cockroach. You closely miss the iguana.
The orc hits you with a +0 hand axe.
* * * LOW HITPOINT WARNING * * *
The orc priest calls down the wrath of Beogh upon you.
Beogh smites you!
You die...

.##.....## ..$.
#.#......##.........§.≈§
##...†............§....§
..................≈≈...≈
.....#.........##...._..
....###.#.....#...≈≈...≈
.######.......#.#.≈..§§.
.###........<..##B(.≈.§§
...............o@lo≈≈§§≈
..............#..#oo....
............###..# .....
............# #.## ..##
.###.........#### ## ##
###.......# #.......##
#. #.......# # #.. #.
#..#


You could see an iguana, an orc priest, 3 orcs and a giant cockroach.

Vanquished Creatures
  Natasha (D:2)
  2 adders
  4 bats
  7 endoplasms
  2 giant cockroaches (D:3)
  5 goblins
  4 hobgoblins
  7 jackals
  4 kobolds
  4 quokkas
  3 ball pythons
  3 frilled lizards
  3 rats (D:1)
49 creatures vanquished.

Notes
Turn   | Place    | Note
-------+----------+-------------------------------------------
     0 | D:1      | bmack86 the Minotaur Fighter began the quest for the Orb.
     0 | D:1      | Reached XP level 1. HP: 19/19 MP: 0/0
    70 | D:1      | Identified a scroll of acquirement
    70 | D:1      | Acquired a +0 broad axe of pain
    99 | D:1      | Reached skill level 4 in Shields
   238 | D:1      | Reached XP level 2. HP: 26/26 MP: 1/1
   860 | D:2      | Identified the +1 helmet "Weubel" {rC+ Will- Int+4 Slay-3}
   944 | D:2      | Found a faded altar of an unknown god.
  1065 | D:2      | Reached XP level 3. HP: 31/31 MP: 2/2
  1533 | D:2      | Noticed Natasha
  1540 | D:2      | Killed Natasha
  1541 | D:2      | Reached skill level 5 in Shields
  1541 | D:2      | Reached XP level 4. HP: 26/39 MP: 3/3
  1866 | D:3      | Found an ancient bone altar of Kikubaaqudgha.
  1932 | D:3      | Found an iron altar of Okawaru.
  1935 | D:3      | Became a worshipper of Warmaster Okawaru
  2016 | D:3      | Found a broken altar of Ashenzari.
  2035 | D:3      | Found Erhownepn's Armour Emporium.
  2035 | D:3      | Noticed an animated plate armour
  2036 | D:3      | Noticed an animated crystal plate armour
  2214 | D:3      | Found a basalt altar of Yredelemnul.
  2588 | D:4      | Found an ornate altar of the Wu Jian Council.
  2597 | D:4      | Killed from afar by an orc priest

Illustrated notes

Levels and vault maps discovered:
D:1:      eino_arrival_water_star, layout_loops_ring
D:2:      layout_basic, shapermc_ecumenical_altar_mp_urbaneastern, uniq_natasha
D:3:      layout_basic, nicolae_overflow_crystal_walls, marbit_many_paths,
          mainiacjoe_overflow_24_doors, mainiacjoe_overflow_paths, serial_shops,
          nicolae_shop_mannequins
D:4:      layout_layer_cave, dancing_weapons_uskayaw,
          mainiacjoe_overflow_small_starburst, overflow_temple_1_default,
          fedhas_altar_decomposition, uniq_blork_the_orc

Skill      XL: |  1  2  3 |
---------------+----------+-----
Shields        | 4 5 |  5.0
Axes           | 3 4 |  4.4
Fighting       | |  3.6
Armour         | |  3.6
Necromancy     | |  0.2
Invocations    | |  0.5

Action                     |  1- 3 |  4- 6 || total
---------------------------+-------+-------++-------
  Melee: Broad axe         |    47 |    50 ||    97
         War axe           |     3 |       ||     3
         Headbutt          |     5 |     4 ||     9
    Use: Scroll            |     5 |     1 ||     6
 Armour: Scale mail        |    19 |       ||    19
         Chain mail        |    40 |    42 ||    82
  Dodge: Dodged            |    24 |    28 ||    52
  Block: Buckler           |     8 |    14 ||    22

Table legend: (Time is in decaauts)
 A = Elapsed time spent in this place.
 B = Non-inter-level travel time spent in this place.
 C = Inter-level travel time spent in this place.
 D = Time resting spent in this place.
 E = Time spent auto-exploring this place.
 F = Levels seen in this place.
 G = Mean time per level.
                   A        B        C        D        E       F      G
               +--------+--------+--------+--------+--------+-----+--------+
         Total |   2644 |   2487 |    157 |      0 |   1896 |   4 |  661.0 |
       Dungeon |   2644 |   2487 |    157 |      0 |   1896 |   4 |  661.0 |
               +--------+--------+--------+--------+--------+-----+--------+

Top non-repeatable levels by time:
     D:2: 1014 daAuts
     D:1: 870 daAuts
     D:3: 576 daAuts
     D:4: 183 daAuts
